 Dungeon Crawl Stone Soup version 0.25-a0-290-g4a1327e (webtiles) character file.

Game seed: 10800803695855319664, levelgen mode: deterministic

76 MrTaco21 the Skirmisher (level 4, -1/30 HPs)
             Began as a Gargoyle Fighter on Dec 14, 2019.
             Killed from afar by an orc wizard (7 damage)
             ... with a magic dart
             ... on level 3 of the Dungeon.
             The game lasted 00:08:25 (1941 turns).

MrTaco21 the Skirmisher (Gargoyle Fighter)          Turns: 1941, Time: 00:08:26

Health: -1/30      AC: 10    Str: 21    XL:     4   Next: 32%
Magic:  4/4        EV:  7    Int:  8    God:
Gold:   76         SH:  9    Dex:  9    Spells: 3/3 levels left

rFire    . . .     SeeInvis .   a - +0 flail
rCold    . . .     Gourm    .   c - +0 shield
rNeg     + . .     Faith    .   b - +0 scale mail
rPois    ∞         Spirit   .   (no helmet)
rElec    +         Reflect  .   (no cloak)
rCorr    .         Harm     .   (no gloves)
MR       .....                  (no boots)
Stlth    ..........             (no amulet)
HPRegen  0.10/turn              (no ring)
MPRegen  0.09/turn              (no ring)

@: no status effects
A: negative energy resistance 1, electricity resistance, unbreathing,
petrification resistance, rot immunity, AC +3
a: no special abilities


You were on level 3 of the Dungeon.
You were hungry.

You visited 1 branch of the dungeon, and saw 3 of its levels.

You collected 76 gold pieces.

Inventory:

Hand Weapons
 a - a +0 flail (weapon)
Armour
 b - a +0 scale mail (worn)
 c - a +0 shield (worn)
 m - a +0 pair of boots
   (You found it on level 1 of the Dungeon)
Scrolls
 f - a scroll of noise {unknown}
 g - 2 scrolls of remove curse {unknown}
 i - a scroll of enchant armour {unknown}
 k - a scroll of blinking {unknown}
 l - 2 scrolls of teleportation {unknown}
 n - a scroll of immolation {unknown}
 o - 3 scrolls of identify {unknown}
Potions
 d - 4 potions of might
 h - a potion of brilliance {unknown}
 j - a potion of cancellation {unknown}
 p - a potion of flight {unknown}
 q - 3 potions of agility {unknown}
 r - a potion of magic {unknown}
 s - a potion of curing {unknown}
Comestibles
 e - 5 rations {!d}
 t - 6 chunks of flesh


   Skills:
 + Level 4.5 Fighting
 + Level 3.4 Maces & Flails
 - Level 3.2 Armour
 - Level 3.2 Shields


You had 3 spell levels left.
You didn't know any spells.
Your spell library was empty.

Dungeon Overview and Level Annotations

Branches:
Dungeon (3/15)

Altars:


Innate Abilities, Weirdness & Mutations

You are resistant to torment.
Your stone body is resilient. (AC +3)
You are immune to poison.
You resist negative energy. (rN+)
You are resistant to electric shocks. (rElec)
You can survive without breathing.
You are immune to petrification.
You are immune to rotting.


Message History

An orc wizard comes into view. It is wielding a +0 dagger.
You closely miss the orc.
An orc comes into view. It is wielding a +0 hand axe.
The orc shouts!
You hit the orc.
The orc wizard gestures wildly while chanting.
The orc wizard flickers and vanishes!
Deactivating autopickup; reactivate with Ctrl-A.
You block the orc's attack.
You thump the orc!
You kill the orc!
The orc closely misses you. The orc barely misses you.
You hit something. The orc hits you with a +0 war axe.
The orc closely misses you. You block something's attack.
The orc hits you with a +0 war axe.
You hit the orc. The orc closely misses you.
Something hits you but does no damage. You block the orc's attack.
You closely miss the orc. You block the orc's attack.
You hear some strange, mumbled words.
Something tries to affect you, but you resist.
The orc hits you with a +0 war axe. Something hits you but does no damage.
The orc hits you but does no damage.
You hit the orc but do no damage. The orc hits you but does no damage.
You hear some strange, mumbled words.
You are confused.
The orc hits you but does no damage.
You closely miss the orc.
You hear some strange, mumbled words.
A puff of flame appears from out of thin air!
The puff of flame hits you!
* * * LOW HITPOINT WARNING * * *
The orc completely misses you. The orc barely misses you.
You're too confused to move!
Something hits you.
* * * LOW HITPOINT WARNING * * *
The orc completely misses you. The orc barely misses you.
The orc barely misses you.
You miss the orc.
You hear some strange, mumbled words.
A magic dart appears from out of thin air!
The magic dart hits you but does no damage.
You hear some strange, mumbled words.
A magic dart appears from out of thin air!
The magic dart hits you but does no damage.
You feel less confused.
A magic dart appears from out of thin air!
The magic dart hits you!
You die...

############
#.....o....#####.
#..†...oo<.......
...)..####.@...###
..... #.##..# ####
#.##..# #.##..#
#.##..# #.##..#
..##>.######
####........
#.#######


You could see 3 orcs.

Vanquished Creatures
  A hound zombie (D:3)
  An ooze (D:1)
  A worm (D:2)
  2 dart slugs
  A leopard gecko (D:1)
  An orc (D:3)
  2 ball pythons
  2 bats (D:2)
  A giant cockroach (D:1)
  4 goblins
  6 hobgoblins
  9 jackals
  3 kobolds
  A quokka (D:2)
  5 frilled lizards
  7 rats
47 creatures vanquished.

Notes
Turn   | Place    | Note
-------+----------+-------------------------------------------
     0 | D:1      | MrTaco21 the Gargoyle Fighter began the quest for the Orb.
     0 | D:1      | Reached XP level 1. HP: 14/14 MP: 1/1
    39 | D:1      | Reached XP level 2. HP: 15/19 MP: 2/2
   489 | D:1      | Reached XP level 3. HP: 23/24 MP: 3/3
   499 | D:1      | Reached skill level 4 in Fighting
  1835 | D:3      | Reached XP level 4. HP: 24/30 MP: 4/4
  1941 | D:3      | Killed from afar by an orc wizard

Levels and vault maps discovered:
D:1:      mrwooster_arrival_statue_3, layout_loops_cross
D:2:      layout_loops_corners, first_ration
D:3:      layout_loops_ring, portal_sewer_entry_c, lemuel_blue_sif_altar

Skill      XL: |  1  2  3 |
---------------+----------+-----
Fighting       | 4 |  4.5
Maces & Flails | 3 |  3.4
Armour         | |  3.2
Shields        | |  3.2

Action                   |  1- 3 |  4- 6 || total
-------------------------+-------+-------++-------
Melee: Flail             |   143 |    23 ||   166
  Eat: Chunk             |     3 |       ||     3
Armor: Scale mail        |    55 |    13 ||    68
Dodge: Dodged            |    54 |    16 ||    70
Block: Shield            |    78 |    11 ||    89

Table legend:
 A = Non-vault XP
 B = Vault XP
 C = Vault XP percentage of total XP
 D = Non-vault monster count
 E = Vault monster count
 F = Vault count percentage of total count
                 A         B        C        D         E       F
            +---------+---------+-------+---------+---------+-------
      Total |     109 |       0 |   0.0 |      47 |       0 |   0.0
            +---------+---------+-------+---------+---------+-------
        D:1 |      41 |       0 |   0.0 |      21 |       0 |   0.0
        D:2 |      35 |       0 |   0.0 |      19 |       0 |   0.0
        D:3 |      33 |       0 |   0.0 |       7 |       0 |   0.0
            +---------+---------+-------+---------+---------+-------
